 Dungeon Crawl Stone Soup version 0.31-a0-187-gba352fbbf7 (webtiles) character file.

Game seed: 5795473424305194421

343 qw the Skirmisher (level 6, -8/35 HPs)
             Began as a Deep Elf Hunter on June 22, 2023.
             Was an Initiate of Okawaru.
             Mangled by a troll (10 damage)
             ... on level 5 of the Dungeon.
             The game lasted 00:01:22 (4087 turns).

qw the Skirmisher (Deep Elf Hunter)                 Turns: 4087, Time: 00:01:22

Health: -8/35      AC:  5    Str: 10    XL:     6   Next: 31%
Magic:  8/8        EV: 14    Int: 14    God:    Okawaru [......]
Gold:   361        SH:  0    Dex: 23    Spells: 5/5 levels left

rFire   . . .        Y - +0 shortbow
rCold   . . .        (shield currently unavailable)
rNeg    . . .        b - +0 leather armour of Ercheuv {Dex+5}
rPois   .            j - +1 helmet
rElec   .            (no cloak)
rCorr   .            (no gloves)
SInv    .            (no boots)
Will    .....        (no amulet)
Stlth   ++           (no ring)
HPRegen 0.25/turn    (no ring)
MPRegen 0.11/turn

%: no passive effects
@: no status effects
A: no striking features
a: Renounce Religion


You were on level 5 of the Dungeon.
You worshipped Okawaru.
Okawaru was noncommittal.
You visited 1 branch of the dungeon, and saw 5 of its levels.

You collected 361 gold pieces.


   Skills:
 - Level 2.1 Fighting
 + Level 9.1 Ranged Weapons
 - Level 4.0 Dodging
 - Level 1.2 Stealth


You had 5 spell levels left.
You didn't know any spells.
Your spell library was empty.

Inventory:

Hand Weapons
 Y - a +0 shortbow (weapon)
Armour
 b - the +0 leather armour of Ercheuv (worn) {Dex+5}
   (You found it on level 4 of the Dungeon)

   Dex:       It affects your dexterity (+5).
 j - a +1 helmet (worn)
Scrolls
 a - 3 scrolls of identify
 g - a scroll of blinking {unknown}
 h - a scroll of vulnerability {unknown}
Potions
 c - a potion of degeneration {unknown}
 d - a potion of heal wounds
 e - 2 potions of might
 f - a potion of curing {unknown}
 i - 2 potions of enlightenment {unknown}
 l - a potion of magic

Dungeon Overview and Level Annotations

Branches:
Dungeon (5/15)
 Temple: D:4-7

Altars:
Gozag
Okawaru

Shops:
D:5 (


Message History

Enter note:
Enter note:
Enter note:
Enter note:
Enter note:
Enter note:
Enter note:
Enter note:
Enter note:
Enter note:
Enter note: You shoot an arrow.
The arrow hits the troll.
The troll is lightly wounded.
You shoot an arrow.
The arrow hits the troll but does no damage.
The troll is lightly wounded.
You shoot an arrow. The arrow closely misses the troll.
You shoot an arrow. The arrow barely misses the troll.
You shoot an arrow. The arrow hits the troll.
The troll is lightly wounded.
You shoot an arrow. The arrow hits the troll!
The troll is moderately wounded.
The troll bites you. The troll misses you. The troll barely misses you.
You shoot an arrow. The arrow hits the troll.
The troll is moderately wounded.
The troll bites you! The troll misses you.
The troll claws you but does no damage.
You shoot an arrow. The arrow hits the troll!
The troll is heavily wounded.
The troll bites you! The troll misses you. x2
You shoot an arrow. The arrow closely misses the troll.
The troll completely misses you. The troll closely misses you. x2
You shoot an arrow. The arrow hits the troll!
The troll is severely wounded.
The troll bites you. The troll misses you.
The troll claws you but does no damage.
You shoot an arrow. The arrow hits the troll.
The troll is severely wounded.
The troll bites you! The troll claws you!
You die...

## ### .# #.# .# #.# .#
#.# #
.############.####.#####
................@.......
.#..#.#######.###T...###
...............##....#
................+..>.+
...............##....#
....)...........+....#
......#####.#..##....#
....#.#####.#..# #..##
............#..#....


You could see a troll.

Vanquished Creatures
  A phantom (D:5)
  A scorpion (D:4)
  2 hounds
  An orc priest (D:3)
  An iguana (D:4)
  2 adders (D:2)
  A white imp (D:5)
  2 worms (D:4)
  2 dart slugs (D:3)
  5 orcs
  7 ball pythons
  6 endoplasms
  A giant cockroach (D:1)
  7 goblins
  9 hobgoblins
  4 kobolds
  4 bats
  4 frilled lizards
  5 rats
65 creatures vanquished.

Notes
Turn   | Place    | Note
-------+----------+-------------------------------------------
     0 | D:1      | qw the Deep Elf Hunter began the quest for the Orb.
     0 | D:1      | Reached XP level 1. HP: 12/12 MP: 3/3
     0 | D:1      | 0 ||| qw: Version: 0.3-a-9-g12657ce
     0 | D:1      | 0 ||| qw: Game counter: 1987
     0 | D:1      | 0 ||| qw: Always use a shield: true
     0 | D:1      | 0 ||| qw: God list: Okawaru
     0 | D:1      | 0 ||| qw: Allow faded altars: false
     0 | D:1      | 0 ||| qw: Do Orc after D:15 true
     0 | D:1      | 0 ||| qw: Do second Lair branch before Depths: true
     0 | D:1      | 0 ||| qw: Lair rune preference: random
     0 | D:1      | 0 ||| qw: Plans: Normal
     0 | D:1      | 0 ||| PLANNING D:1-11
   257 | D:1      | Reached skill level 6 in Ranged Weapons
   257 | D:1      | Reached XP level 2. HP: 16/16 MP: 4/4
   705 | D:1      | 705 ||| READING 3 scrolls labelled BOTWER ZUEKLASM.
   706 | D:1      | 706 ||| READING scroll labelled PUBREKHAZXE.
   807 | D:1      | 807 ||| DRINKING 2 cyan potions.
   822 | D:1      | 822 ||| DROPPING scroll of butterflies.
   823 | D:1      | 823 ||| DROPPING potion of lignification.
   960 | D:2      | 960 ||| READING 2 scrolls of identify.
   960 | D:2      | 960 ||| IDENTIFYING green potion
   961 | D:2      | 961 ||| DROPPING potion of brilliance.
  1195 | D:2      | Reached XP level 3. HP: 20/20 MP: 5/5
  1286 | D:2      | Reached skill level 7 in Ranged Weapons
  1731 | D:2      | 1731 ||| READING 2 scrolls labelled AQUIMI WEDAEFA.
  1732 | D:2      | 1732 ||| READING 6 scrolls of identify.
  1732 | D:2      | 1732 ||| IDENTIFYING golden potion
  1733 | D:2      | 1733 ||| DROPPING potion of invisibility.
  2019 | D:3      | Found an iron altar of Okawaru.
  2020 | D:3      | 2020 ||| PLANNING OKAWARU WORSHIP
  2023 | D:3      | 2023 ||| READING 5 scrolls of identify.
  2023 | D:3      | 2023 ||| IDENTIFYING yellow potion
  2040 | D:3      | Became a worshipper of Warmaster Okawaru
  2041 | D:3      | 2041 ||| PLANNING D:1-11
  2100 | D:3      | Reached XP level 4. HP: 25/25 MP: 6/6
  2151 | D:3      | Found a faded altar of an unknown god.
  2203 | D:3      | Reached skill level 8 in Ranged Weapons
  2631 | D:3      | 2631 ||| UPGRADING to +0 ring mail.
  2641 | D:3      | 2641 ||| DROPPING +0 leather armour.
  2642 | D:3      | 2642 ||| UPGRADING to +0 helmet.
  2647 | D:3      | 2647 ||| READING scroll of enchant armour.
  2647 | D:3      | 2647 ||| ENCHANTING +0 helmet.
  2648 | D:3      | 2648 ||| READING scroll labelled ROKKAUGAOF.
  2649 | D:3      | 2649 ||| READING scroll labelled HACUZOWISU.
  2650 | D:3      | 2650 ||| READING scroll labelled XIARECV ENLAGE.
  2651 | D:3      | 2651 ||| READING scroll labelled LISAEDW URRO.
  2652 | D:3      | 2652 ||| READING 5 scrolls of identify.
  2652 | D:3      | 2652 ||| IDENTIFYING fizzy purple potion
  2653 | D:3      | 2653 ||| READING 4 scrolls of identify.
  2653 | D:3      | 2653 ||| IDENTIFYING fuming dark potion
  2655 | D:3      | 2655 ||| Stepping ~*~*~tactically~*~*~ (cloud).
  2663 | D:3      | HP: 6/25 [poisoned by you (poison gas)]
  2845 | D:4      | Noticed a scorpion
  2856 | D:4      | Killed a scorpion
  2857 | D:4      | Reached XP level 5. HP: 23/29 MP: 7/7
  2913 | D:4      | Identified the +0 leather armour of Ercheuv {Dex+5}
  2941 | D:4      | HP: 3/29 [iguana (5)]
  2942 | D:4      | 2942 ||| DRINKING 2 potions of heal wounds.
  2948 | D:4      | Reached skill level 9 in Ranged Weapons
  3330 | D:4      | Found an opulent altar of Gozag.
  3463 | D:4      | 3463 ||| UPGRADING to +0 leather armour of Ercheuv {Dex+5}.
  3473 | D:4      | 3473 ||| DROPPING +0 ring mail.
  3474 | D:4      | 3474 ||| READING 3 scrolls of identify.
  3474 | D:4      | 3474 ||| IDENTIFYING brown potion
  3475 | D:4      | 3475 ||| DROPPING potion of ambrosia.
  3513 | D:5      | Entered Level 5 of the Dungeon
  3599 | D:5      | Noticed a phantom
  3614 | D:5      | Killed a phantom
  3615 | D:5      | Reached skill level 3 in Dodging
  3615 | D:5      | Reached XP level 6. HP: 29/35 MP: 8/8
  3681 | D:5      | Reached * piety under Okawaru
  3904 | D:5      | Found Jyis's Antique Weapon Shop.
  4076 | D:5      | Noticed a troll
  4087 | D:5      | HP: 2/35 [troll (7)]
  4087 | D:5      | Mangled by a troll

Levels and vault maps discovered:
D:1:      eino_arrival_water_cross, layout_loops_ring
D:2:      layout_basic, minmay_misc_feat_tiny, kennysheep_generic_room_9
D:3:      layout_basic, mainiacjoe_overflow_tiny_flanked,
          shapermc_ecumenical_altar_acropolis, corexii_item_surrounded_by_moat,
          minmay_fractal_squares_diagonal_5
D:4:      layout_loops_ring, grunt_gozag_statues, reono_crystal_passage
D:5:      layout_basic, serial_curves, eino_curves_04, eino_curves_04,
          serial_shops, nicolae_shop_dealshenge

Skill      XL: |  1  2  3  4  5  6 |
---------------+-------------------+-----
Ranged Weapons | 6 7 8 9 |  9.1
Fighting       | 2 |  2.1
Dodging        | 3 4 |  4.0
Stealth        | |  1.2

Action                     |  1- 3 |  4- 6 || total
---------------------------+-------+-------++-------
   Fire: Shortbow          |   114 |   144 ||   258
    Use: Scroll            |     6 |     8 ||    14
         Potion            |     1 |     1 ||     2
 Armour: Leather armour    |     7 |     8 ||    15
         Ring mail         |       |     7 ||     7
  Dodge: Dodged            |    20 |    44 ||    64

Table legend:
 A = Non-vault XP
 B = Vault XP
 C = Vault XP percentage of total XP
 D = Non-vault monster count
 E = Vault monster count
 F = Vault count percentage of total count
                 A         B        C        D         E       F
            +---------+---------+-------+---------+---------+-------
      Total |     475 |      16 |   3.3 |      56 |       9 |  13.8
            +---------+---------+-------+---------+---------+-------
        D:1 |      23 |       0 |   0.0 |      14 |       0 |   0.0
        D:2 |      57 |       0 |   0.0 |      19 |       0 |   0.0
        D:3 |      66 |      16 |  19.5 |      13 |       9 |  40.9
        D:4 |     173 |       0 |   0.0 |       6 |       0 |   0.0
        D:5 |     156 |       0 |   0.0 |       4 |       0 |   0.0
            +---------+---------+-------+---------+---------+-------
